 Dungeon Crawl Stone Soup version 0.30.1-4-g462c640d31 (webtiles) character file.

Game seed: 8083590150067696194

535 maty the Ruffian (level 7, -2/59 HPs)
             Began as a Ghoul Warper on Aug 20, 2023.
             Was a Priest of Wu Jian.
             Slain by Pikel
             ... wielding a +0 whip of freezing
              (5 damage)
             ... on level 4 of the Dungeon.
             The game lasted 00:20:08 (3550 turns).

maty the Ruffian (Ghoul Warper)                     Turns: 3550, Time: 00:20:08

Health: -2/59      AC:  5    Str: 15    XL:     7   Next: 25%
Magic:  0/8        EV: 12    Int:  8    God:    Wu Jian [***...]
Gold:   254        SH:  0    Dex: 10    Spells: 5/9 levels left

rFire   . .          .
                       - Unarmed
rCold   + . .        (no shield)
rNeg    + + +        k - +0 troll leather armour
rPois   ∞            t - +0 helmet
rElec   .            (no cloak)
rCorr   .            (no gloves)
SInv    .            (no boots)
Will    ++...        z - amulet of guardian spirit
Stlth   ++           i - ring of willpower
HPRegen 0.00/turn    o - ring of willpower
MPRegen 0.11/turn

%: guardian spirit
@: inhibited regen, hasted, very quick
A: claws 1, cold resistance 1, negative energy resistance 3, inhibited
regeneration, torment resistance 2, devour on kill
a: Renounce Religion, Wall Jump, Serpent's Lash


You were on level 4 of the Dungeon.
You worshipped Wu Jian.
Wu Jian was most pleased with you.
You visited 1 branch of the dungeon, and saw 5 of its levels.
You also visited: Ossuary.

You collected 254 gold pieces.

Inventory:

Missiles
 c - 7 boomerangs of dispersal (quivered)
 d - 46 stones
 f - 9 javelins
 h - 4 poisoned darts
 m - 6 boomerangs
 r - 2 datura-tipped darts
Armour
 a - a +0 leather armour
 k - a +0 troll leather armour (worn)
 t - a +0 helmet (worn)
Magical Staves
 D - a staff of cold
Jewellery
 i - a ring of willpower (left claw)
 o - a ring of willpower (right claw)
 z - an amulet of guardian spirit (around neck)
Wands
 v - a wand of paralysis (17)
Scrolls
 b - 2 scrolls of blinking
 e - 10 scrolls of identify {unknown}
 g - a scroll of enchant armour {unknown}
 j - a scroll of fear {unknown}
 l - a scroll of summoning {unknown}
 n - a scroll of fog {unknown}
 s - 3 scrolls of poison {unknown}
 u - 2 scrolls of enchant weapon {unknown}
 w - 8 scrolls of noise
 x - a scroll of amnesia {unknown}
 y - 2 scrolls of immolation
 B - a scroll of vulnerability {unknown}
Potions
 p - 2 potions of mutation
 q - 2 potions of heal wounds {unknown}
 A - a potion of haste
 C - a potion of curing {unknown}


   Skills:
 + Level 4.1 Fighting
 - Level 0.8 Throwing
 - Level 0.8 Armour
 + Level 3.4 Dodging
 + Level 3.7 Stealth
 * Level 5.5 Unarmed Combat
 - Level 1.7 Spellcasting
 - Level 2.6 Translocations


You had 5 spell levels left.
You knew the following spells:

 Your Spells              Type           Power      Damage    Failure   Level
a - Blink                 Tloc           10%        N/A       22%         2
b - Lesser Beckoning      Tloc           10%        N/A       22%         2

Your spell library contained the following spells:

 Spells                   Type           Power      Damage    Failure   Level
 Teleport Other           Tloc           5%         N/A       41%         3
 Vhi's Electric Charge    Tloc/Air       4%         N/A       61%         3
 Stone Arrow              Conj/Erth      0%         3d7       80%         3
 Summon Guardian Golem    Hex/Summ       0%         N/A       80%         3
 Manifold Assault         Tloc           5%         N/A       83%         4
 Animate Armour           Summ/Erth      0%         N/A       99%         4
 Orb of Destruction       Conj           0%         9d5       100%        7
 Spellforged Servitor     Conj/Summ      0%         N/A       100%        7
 Lehudib's Crystal Spear  Conj/Erth      0%         10d2      100%        8


Dungeon Overview and Level Annotations

Branches:
Dungeon (5/15)            Ossuary (visited)
 Temple: D:4-7

Altars:
Dithmenos
Wu Jian
Xom

Annotations:
D:4 Pikel


Innate Abilities, Weirdness & Mutations

You are immune to poison.
You have sharp fingernails.
Your flesh is cold resistant. (rC+)
You are immune to negative energy. (rN+++)
You do not regenerate when monsters are visible.
You are immune to unholy pain and torment.
You thrive by killing the living.


Message History

Pikel is severely wounded.
Pikel closely misses you.
You claw Pikel!
Pikel is almost dead.
Pikel hits you with a +0 whip of freezing.
You closely miss Pikel.
Pikel is almost dead.
Pikel hits you with a +0 whip of freezing.
Pikel freezes you.
You scratch Pikel but do no damage.
Pikel is almost dead.
Pikel checks his coin pouch and frowns.
Pikel hits you with a +0 whip of freezing.
Pikel freezes you.
You barely miss Pikel.
Pikel is almost dead.
Pikel hits you with a +0 whip of freezing!
* * * LOW HITPOINT WARNING * * *
You closely miss Pikel.
Pikel is almost dead.
Pikel misses you.
You scratch Pikel.
Pikel is almost dead.
Pikel hits you with a +0 whip of freezing!
* * * LOW HITPOINT WARNING * * *
Pikel freezes you.
Okay, then.
You miss Pikel.
Pikel is almost dead.
Pikel closely misses you.
You closely miss Pikel.
Pikel is almost dead.
Pikel hits you with a +0 whip of freezing.
* * * LOW HITPOINT WARNING * * *
Pikel attacks as you move away!
Pikel hits you with a +0 whip of freezing.
* * * LOW HITPOINT WARNING * * *
You feel yourself speed up.
Pikel hits you with a +0 whip of freezing.
You die...

#.....#### #..# ##.....#.##
####.....# ##.# #.....#.#
####.......########.# #.....#.#
...........#........####.....#.#
...........+........'........#K#
...........#........####.....#.#
.......##+##........# #...###.#
######....##.....K..# #...# #.#
#....##....@...# #...# #.##
#....##........######.###.#.
#....#####'####.........).#.
####'### #.####.........#.#.
#.....###....#.........#...
#............#.........#.#.
#.............########.#.##
#............## #.#.##
#..<.........# ###...


You could see Pikel.

Vanquished Creatures
  A black bear (D:4)
  4 lemures (D:4)
  A scorpion (D:4)
  2 centaur zombies (Ossuary)
  A jelly (D:5)
  2 hounds
  An iguana (D:5)
  5 mummies (Ossuary)
  A gnoll (D:5)
  2 adders (D:2)
  4 worms
  2 dart slugs
  3 orcs
  11 bats
  7 endoplasms
  5 giant cockroaches
  3 gnoll zombies (Ossuary)
  5 goblins
  7 hobgoblins
  6 jackals (D:1)
  4 quokkas
  8 ball pythons
  4 frilled lizards
  A goblin zombie (Ossuary)
  4 kobolds
  2 orc zombies (Ossuary)
  5 rats
101 creatures vanquished.

Notes
Turn   | Place    | Note
-------+----------+-------------------------------------------
     0 | D:1      | maty the Ghoul Warper began the quest for the Orb.
     0 | D:1      | Reached XP level 1. HP: 17/17 MP: 2/2
    98 | D:1      | Reached XP level 2. HP: 25/25 MP: 3/3
   225 | D:1      | Reached skill level 1 in Stealth
   338 | D:1      | Reached XP level 3. HP: 30/30 MP: 4/4
   359 | D:1      | Reached skill level 3 in Unarmed Combat
   638 | D:1      | Found a faded altar of an unknown god.
   643 | D:1      | Prayed at the altar of an unknown god.
   643 | D:1      | Became a worshipper of the Wu Jian Council
   643 | D:1      | Reached * piety under Wu Jian
   785 | D:1      | Learned a level 2 spell: Blink
   788 | D:1      | Learned a level 2 spell: Lesser Beckoning
  1028 | D:2      | Reached XP level 4. HP: 32/37 MP: 5/5
  1090 | D:2      | Found a shadowy altar of Dithmenos.
  1531 | D:2      | Reached ** piety under Wu Jian
  2619 | D:4      | Noticed a lemure
  2620 | D:4      | Noticed a lemure
  2646 | D:4      | Reached skill level 4 in Unarmed Combat
  2646 | D:4      | Reached XP level 5. HP: 35/45 MP: 3/6
  2650 | D:4      | Killed a lemure
  2654 | D:4      | Noticed a lemure
  2654 | D:4      | Noticed a lemure
  2673 | D:4      | Killed a lemure
  2716 | D:4      | Found a sand-covered staircase.
  2721 | Ossuary  | Entered an ossuary
  2779 | Ossuary  | Reached XP level 6. HP: 37/51 MP: 4/7
  3149 | D:4      | Noticed Pikel
  3228 | D:4      | Found a shimmering altar of Xom.
  3234 | D:5      | Entered Level 5 of the Dungeon
  3253 | D:5      | Reached skill level 5 in Unarmed Combat
  3262 | D:5      | Reached *** piety under Wu Jian
  3311 | D:5      | Reached XP level 7. HP: 59/59 MP: 8/8
  3550 | D:4      | Slain by Pikel

Illustrated notes

Levels and vault maps discovered:
D:1:      amcnicky_arrival_choice, layout_rooms,
          shapermc_ecumenical_altar_hornbeckon
D:2:      cheibrodos_old_hovel, layout_loops_ring, basic_altar,
          minmay_fractal_squares_gapless_5
D:3:      layout_loops_cross, serial_co_window_serial, co_window_corner_a,
          co_window_corner_a, co_window_paths_a, co_window_paths_a,
          co_window_paths_a, co_window_paths_a, co_window_paths_b,
          co_window_broadway_c, co_window_broadway_b, co_window_broadway_c,
          co_window_broadway_b, co_window_4corner_a, glass_columns_c,
          moated_statue
D:4:      layout_basic, xom_confusion_cloud, minitemple,
          nicolae_ossuary_entry_plus, uniq_pikel
D:5:      layout_basic, kennysheep_mini, minmay_temple_entry_from_below_a,
          ebering_ghost_disaster_area

Skill      XL: |  1  2  3  4  5  6 |
---------------+-------------------+-----
Dodging        | 2 3 |  3.4
Stealth        | 1 2 3 |  3.7
Unarmed Combat | 3 4 5 |  5.5
Fighting       | 3 4 |  4.1
Throwing       | |  0.8
Armour         | |  0.8
Spellcasting   | |  1.7
Translocations | |  2.6

Action                     |  1- 3 |  4- 6 |  7- 9 || total
---------------------------+-------+-------+-------++-------
  Melee: Unarmed           |   151 |   265 |    27 ||   443
         Punch             |     4 |     6 |     1 ||    11
Ability: Lunge             |     2 |    12 |     1 ||    15
         Whirlwind         |       |     2 |       ||     2
    Use: Potion            |       |     3 |     1 ||     4
   Stab: Sleeping          |       |     4 |     2 ||     6
 Armour: Leather armour    |    44 |       |       ||    44
         Troll leather arm |       |    63 |     4 ||    67
  Dodge: Dodged            |    96 |   117 |    13 ||   226
